[Event "*** SCC Grand Prix: Titled Tuesday Blitz"]
[Site "Chess.com"]
[Date "2020.09.29"]
[Round "9"]
[White "Julianos82"]
[Black "Rogarcia1"]
[Result "1/2-1/2"]
[WhiteElo "2279"]
[BlackElo "2113"]
[TimeControl "180+1"]
[EndTime "11:45:24 PDT"]
[Termination "Game drawn by stalemate"]

1. d4 d5 2. Bf4 c5 3. e3 Nc6 4. c3 Nf6 5. Nd2 Bf5 6. Ngf3 Nh5 7.
Bg5 h6 8. Bh4 g5 9. Bg3 Nxg3 10.
hxg3 Bg7 11. Qa4 cxd4 12. Nxd4 Bd7 13. Bb5 Qc7 14. N2f3 e5 15. Nxc6 bxc6 16. Be2 O-O 17. O-O Rab8 18. b4 c5 19. Qb3 Be6 20. Qa3 e4 21.
Nd4 cxd4 22. cxd4 Qb6 23. b5 Rfc8 24. Rfb1 Rc2 25. Kf1 Rbc8 26. Qb3 R2c3 27. Qd1 f5 28. a4 Qa5 29. Kg1 f4 30. gxf4 gxf4 31. exf4 Rc2 32. Rc1 Rxc1 33. Rxc1 Rxc1 34. Qxc1 Qxa4 35. Qc6 Bf7 36.
Qc8+ Kh7 37. Qf5+ Bg6 38. Qxd5 Qxd4 39. Qb7 e3 40. fxe3 Qxe3+ 41. Kf1 Qc1+ 42. Kf2 Qxf4+ 43. Bf3 Qd4+ 44. Kg3 Qe5+ 45. Kf2 h5 46. Qxa7 Qd4+ 47.
Qxd4 Bxd4+ 48. Kg3 Kg7 49. Kh4 Kh6 50. g4 Bf2+ 51. Kh3 h4 52. b6 Bg3 53. b7 Kg5 54. Bg2 Bf7 55. Bf3 Be6 56. Be2 Bd7 57. Bf3 Be6 58.
Kg2 Bc4 59. Kh3 Bf1+ 60. Bg2 Bxg2+ 61. Kxg2 Kxg4 62. b8=Q Bxb8 63. Kh1 Kg3 64. Kg1 Be5 65. Kh1 Kh3 66. Kg1 Bf4 67. Kh1 Kg3 68. Kg1 h3 69.
Kh1 Bg5 70. Kg1 Bh4 71. Kh1 Bf6 72. Kg1 h2+ 73. Kh1 Kh3 1/2-1/2

[Event "*** SCC Grand Prix: Titled Tuesday Blitz"]
[Site "Chess.com"]
[Date "2020.09.29"]
[Round "9"]
[White "WIDBIFS"]
[Black "Jospem"]
[Result "0-1"]
[WhiteElo "2668"]
[BlackElo "2955"]
[TimeControl "180+1"]
[EndTime "11:45:25 PDT"]
[Termination "Jospem won on time"]

1. d4 Nf6 2. Nf3 e6 3. Bf4 b6 4. e3 Bb7 5. Nbd2 Be7 6. Bd3 O-O 7. Qe2 c5 8. c3 cxd4 9. exd4 d6 10. O-O Nbd7 11. Rad1 Qc7 12. Rfe1 a6 13. Ng5 g6 14. Ndf3 b5 15. h4 Rae8 16. Bc1 Qc6 17. Qc2 e5 18. dxe5 dxe5 19. Ne4 Nc5 20. Nxe5 Qb6 21. Nxc5 Bxc5 22. Bf4 Re6 23. b4 Bd6 24. c4 Qc7 25. cxb5 Qb8 26.
bxa6 Ba8 27. Nc6 Rxe1+ 28. Rxe1 Bxc6 29. Qxc6 Bxf4 30. Qxf6 Bh2+ 31. Kh1 Qxb4 32. Rf1 Bb8 33. g3 Qa4 34. Qf3 Qa5 35. Kg2 Qc5 36. Qe4 Ba7 37. Qc4 Qd6 38. Qe4 Qb6 39. Bc4 Rd8 40.
Qf3 Rd7 41. Rd1 Re7 42. Re1 Rc7 43. Re8+ Kg7 44. Qc3+ Kh6 45. Qf3 Kg7 46. Bd3 Rd7 47.
Re2 Qd4 48. Be4 Rd6 49. Bb7 Rf6 50. Qe3 Qc4 51. Qd2 Qc5 52. Qb2 Qd6 53. g4 Bd4 54.
Qc2 Qd7 55. Qe4 Re6 56. Qf3 Rf6 57. Qd3 Qxg4+ 58. Kf1 Rd6 59. Qf3 Qxh4 60. Rd2 Rf6 61. Qg2 Be3 62. Re2 Ba7 63. Qh1 Qc4 64. Qf3 Rxf3 0-1

[Event "*** SCC Grand Prix: Titled Tuesday Blitz"]
[Site "Chess.com"]
[Date "2020.09.29"]
[Round "9"]
[White "DonPreuss"]
[Black "Xeniya2005"]
[Result "0-1"]
[WhiteElo "2242"]
[BlackElo "2372"]
[TimeControl "180+1"]
[EndTime "11:45:26 PDT"]
[Termination "Xeniya2005 won on time"]

1. d4 Nf6 2. Nc3 d5 3. e4 dxe4 4. f3 exf3 5. Nxf3 e6 6. Bd3 Be7 7. O-O O-O 8. Qe1 Nc6 9. Qh4 g6 10. Bg5 Nd5 11. Ne4 f5 12. Bxe7 Qxe7 13. Neg5 Bd7 14. Rae1 Rae8 15. c4 Ndb4 16. Bb1 Qg7 17. a3 Na6 18. Ne5 Nxe5 19. Rxe5 h6 20. Nf3 Nb8 21. Rfe1 Nc6 22. R5e2 g5 23. Qf2 Qf7 24.
Ne5 Nxe5 25. Rxe5 c6 26. Qe2 Kg7 27. c5 Qf6 28. Ba2 Re7 29. Qd2 Rfe8 30. Qa5 Bc8 31. Qxa7 Rd7 32. Bxe6 Rxd4 33. Bxc8 Rxe5 34. Qxb7+ Kg6 35.
Rf1 f4 36. Bd7 Re7 37. Qxc6 Rexd7 38. Qxf6+ Kxf6 39. b4 Ra7 40. Ra1 Rxb4 41. Rc1 Rbb7 42. c6 Rc7 43. Kf2 Rxa3 44. h4 Ra6 45. Kf3 Raxc6 46.
Rd1 Rc3+ 47. Kg4 Rg3+ 48. Kh5 gxh4 49. Rd5 Rxg2 50. Rd6+ Ke5 51. Rd8 h3 52. Re8+ Kd4 53.
Rd8+ Ke4 54. Re8+ Kf3 55. Rd8 h2 56. Rd1 Rg1 57. Rd3+ Ke4 58. Rh3 h1=Q 59. Rh4 Qxh4+ 60. Kxh4 Rc2 61. Kh3 f3 0-1

[Event "*** SCC Grand Prix: Titled Tuesday Blitz"]
[Site "Chess.com"]
[Date "2020.09.29"]
[Round "9"]
[White "pastouche06"]
[Black "floplover"]
[Result "1/2-1/2"]
[WhiteElo "2464"]
[BlackElo "2307"]
[TimeControl "180+1"]
[EndTime "11:45:27 PDT"]
[Termination "Game drawn by repetition"]

1. d4 d5 2. c4 e6 3. Nc3 Bb4 4. e3 Nf6 5. a3 Bxc3+ 6. bxc3 O-O 7. cxd5 exd5 8. Bd3 c5 9. Ne2 Nc6 10. O-O c4 11. Bc2 Re8 12. f3 Bd7 13. Ng3 Qa5 14. Bd2 Rad8 15. e4 dxe4 16. fxe4 Bg4 17. Qc1 h5 18. h3 h4 19. Nh1 Be2 20. Re1 Bd3 21. Nf2 Bxc2 22. Qxc2 b5 23. Bg5 Nxd4 24. cxd4 Rxd4 25.
Bxf6 gxf6 26. Rad1 Rxd1 27. Rxd1 Qxa3 28. Ng4 Kg7 29. Qd2 Qc5+ 30. Kh1 Qg5 31. Qd4 a6 32. Rf1 Re6 33. Rf5 Qg6 34. Rf4 Qg5 35. Rf5 Qg6 36. Ne3 Rc6 37. Rf3 c3 38. Nf5+ Kh7 39. Rxc3 Rxc3 40. Qxc3 Qg5 41. Qc7 Kg6 42. Qc8 Kh7 43. Qc7 Kg6 44. Qc3 Qf4 45. Kg1 b4 46. Qxb4 Qc1+ 47. Kf2 Qc2+ 48. Kf3 Qd1+ 49. Ke3 Qg1+ 50.
Kd3 Qf1+ 51. Kd4 Qxg2 52. Qf8 Qd2+ 53. Kc5 Qc2+ 54. Kd5 Qb3+ 55. Kc6 Qb5+ 56. Kc7 Qa5+ 57. Kb7 Qb5+ 58. Ka7 Qd7+ 59. Kxa6 Qc6+ 60. Ka5 Qc7+ 61. Kb4 Qb6+ 62. Kc4 Qa6+ 63. Kd4 Qa1+ 64. Ke3 Qe1+ 65. Kf4 Qf1+ 66. Kg4 Qe2+ 67. Kf4 Qf1+ 68. Ke3 Qe1+ 69. Kd4 Qd2+ 70. Kc4 Qc2+ 71. Kd5 Qa2+ 72. Kc6 Qa6+ 73. Kd7 Qb7+ 74. Ke8 Qc8+ 75. Ke7 Qc7+ 76. Ke8 Qc8+ 77.
Ke7 Qc7+ 78. Ke8 Qc8+ 1/2-1/2

[Event "*** SCC Grand Prix: Titled Tuesday Blitz"]
[Site "Chess.com"]
[Date "2020.09.29"]
[Round "9"]
[White "Brave_spirit12"]
[Black "keepitcool9499"]
[Result "1-0"]
[WhiteElo "2465"]
[BlackElo "2598"]
[TimeControl "180+1"]
[EndTime "11:45:34 PDT"]
[Termination "Brave_spirit12 won by checkmate"]

1. e4 e6 2. d4 d5 3. exd5 exd5 4. Nc3 Nf6 5. Bd3 Bd6 6. Nge2 O-O 7. Bg5 c6 8. Qd2 Bg4 9. f3 Bh5 10. O-O-O Bg6 11.
h4 Bxd3 12. Qxd3 Nbd7 13. h5 b5 14. g4 a5 15. Bh4 Qc7 16. Kb1 a4 17. Bxf6 Nxf6 18.
g5 Nd7 19. Rdg1 b4 20. Nd1 Rfb8 21. g6 fxg6 22. hxg6 h6 23. Qf5 Nf8 24. Ne3 Re8 25. Qf7+ Qxf7 26. gxf7+ Kxf7 27. Nf5 Rxe2 28. Nxd6+ Kf6 29.
Nb7 Ne6 30. Rh4 b3 31. cxb3 axb3 32. a3 Ra7 33. Nd6 Rd7 34. Nc8 Rd8 35. Nb6 Ng5 36.
Rf4+ Ke7 37. Na4 Ne6 38. Rfg4 Kf6 39. Nc3 g5 40. Nxe2 c5 41. f4 cxd4 42. fxg5+ hxg5 43. Nxd4 Nf4 44. Ne2 Nxe2 45. Rf1+ Nf4 46. Rg3 Kf5 47. Kc1 Ke4 48. Kd2 Rg8 49. Rxb3 g4 50. Re3+ Kf5 51. Rg3 Ke5 52. b4 Ne6 53. Rfg1 Kf4 54. b5 Nd4 55. R1g2 Nxb5 56. a4 Nd4 57. Rd3 Nf3+ 58. Kd1 d4 59. a5 Ke4 60. Ra3 Rh8 61. a6 Rh1+ 62. Ke2 Re1+ 63. Kf2 d3 64. Rxg4+ Kf5 65.
Kxf3 d2 66. Rd4 d1=Q+ 67. Rxd1 Rxd1 68. a7 Rd8 69. a8=Q Rxa8 70. Rxa8 Ke6 71. Ra4 Kd5 72.
Re4 Kc5 73. Ke3 Kb5 74. Kd3 Kc5 75. Rd4 Kb5 76. Kc3 Kc5 77. Kd3 Kc6 78. Kc4 Kb6 79. Rd6+ Kc7 80. Kc5 Kc8 81. Kb6 Kb8 82. Rd8# 1-0

[Event "*** SCC Grand Prix: Titled Tuesday Blitz"]
[Site "Chess.com"]
[Date "2020.09.29"]
[Round "9"]
[White "Aborigen_came"]
[Black "StellarChessPro"]
[Result "1-0"]
[WhiteElo "2737"]
[BlackElo "2494"]
[TimeControl "180+1"]
[EndTime "11:45:37 PDT"]
[Termination "Aborigen_came won by resignation"]

1. Nc3 g6 2. h4 Bg7 3. h5 d6 4. d4 c6 5. h6 Bf8 6. e4 e6 7. Nf3 Nd7 8. Bf4 a6 9. Qd2 b5 10. a4 b4 11. Ne2 a5 12. Nc1 Ngf6 13. Bd3 Be7 14. Nb3 O-O 15. e5 Nd5 16. exd6 Nxf4 17.
Qxf4 Bf6 18. Ne5 Nxe5 19. dxe5 Bg5 20. Qe4 f5 21. Qxc6 Bd7 22. Qc5 Qb8 23. Qd4 Rc8 24. Nc5 Qa7 25. Nb3 Qb7 26. O-O Bxh6 27. f4 g5 28. g3 gxf4 29. gxf4 Kh8 30. Kf2 Rg8 31.
Rg1 Rac8 32. Rxg8+ Rxg8 33. Rg1 Rxg1 34. Kxg1 Qf3 35.
Qf2 Qg4+ 36. Qg2 Qxf4 37. Nc5 Qd4+ 38. Kf1 Qxc5 39. Qa8+ Kg7 40. Qd8 Qc6 41. Qf6+ Kg8 42. Qxh6 Qf3+ 43. Ke1 Qg3+ 44. Kd2 Qxe5 45. Qg5+ Qg7 46.
Qd8+ Qf8 47. Qxd7 Qf6 48. Qe8+ Kg7 49. Qe7+ Qxe7 50. dxe7 Kf7 51. c3 bxc3+ 52. Kxc3 Kxe7 53. Kc4 h5 54. Kb5 h4 55. Kxa5 h3 56. Bf1 h2 57.
Bg2 e5 58. Kb4 e4 59. a5 Kd6 60. Kc4 Kc6 61. Kd4 Kb5 62. b4 Ka6 63. Ke3 Kb5 64.
Kf4 Ka6 65. Kg3 Kb5 66. Kxh2 Kxb4 67. a6 e3 68. Bf3 Kc3 69. a7 e2 70. Bxe2 f4 71.
a8=Q 1-0

[Event "*** SCC Grand Prix: Titled Tuesday Blitz"]
[Site "Chess.com"]
[Date "2020.09.29"]
[Round "9"]
[White "TrimitziosP7"]
[Black "BillieKimbah"]
[Result "1/2-1/2"]
[WhiteElo "2845"]
[BlackElo "2930"]
[TimeControl "180+1"]
[EndTime "11:45:47 PDT"]
[Termination "Game drawn by agreement"]

1. e4 e5 2. Bc4 Nf6 3. d4 exd4 4. Nf3 Bb4+ 5. c3 dxc3 6. O-O O-O 7. e5 d5 8. Bb3 Ne4 9. bxc3 Nxc3 10. Qc2 Nxb1 11. Rxb1 Be7 12. Rd1 c6 13. Bb2 Bg4 14. Qd3 Na6 15.
Bc2 g6 16. e6 Bxe6 17. Qe3 Re8 18. Qe5 Bf6 19. Qxf6 Qxf6 20. Bxf6 b5 21. Nd4 Bd7 22. a3 Nc7 23. Re1 c5 24. Nb3 Ne6 25. Rbd1 d4 26.
Be4 Rac8 27. Bd5 Nf4 28. Rxe8+ Rxe8 29. Bf3 Rc8 30. h3 Be6 31. Nxc5 Rxc5 32. Bxd4 Rc8 33. Bxa7 Bc4 34. Kh2 h6 35. Rd7 g5 36. Rd6 Ne6 37.
Be3 Kg7 38. g3 Kf6 39. h4 Ke7 40. Rb6 Rd8 41. Bg4 Kf6 42. Rc6 Ra8 43. Bc1 Rd8 44. hxg5+ hxg5 45. a4 Bd5 46. Bb2+ Ke7 47. Ra6 bxa4 48.
Rxa4 Rb8 49. Be5 Rc8 50. f3 Kf8 51. Bxe6 Bxe6 52. f4 Rc2+ 53. Kg1 g4 54. Ra8+ Ke7 55. Ra3 Bd5 56. Re3 Kd7 57. Kf1 Rc6 58. Ke1 f6 59. Bd4 Rc1+ 60. Kd2 Rf1 61. Bxf6 Rf2+ 62. Kd3 Rf3 63. Kd4 Rxe3 64. Kxe3 Ke6 65. Bh4 Bf3 66.
Kd4 Kf5 67. Kc5 Bd1 68. Kd6 Bf3 69. Ke7 Bd1 70. Kd6 Bf3 71. Kc5 Bd1 72. Kd4 Bf3 73. Ke3 Bd1 74. Kd2 Bf3 75. Ke1 Be4 76. Bg5 Bd5 77.
Kf2 Be4 78. Ke3 Bd5 79. Kd4 Bf3 80. Kd3 Bd1 81. Kd2 Bf3 1/2-1/2

[Event "*** SCC Grand Prix: Titled Tuesday Blitz"]
[Site "Chess.com"]
[Date "2020.09.29"]
[Round "9"]
[White "chessmadara"]
[Black "Chessbard1972"]
[Result "1/2-1/2"]
[WhiteElo "2122"]
[BlackElo "2281"]
[TimeControl "180+1"]
[EndTime "11:45:48 PDT"]
[Termination "Game drawn - insufficient material"]

1. e4 c5 2. Nf3 a6 3. Nc3 e6 4. d4 cxd4 5. Nxd4 Nc6 6. Be2 Qc7 7.
O-O Nf6 8. Be3 b5 9. a3 Bb7 10. f3 Bc5 11. Kh1 Qb6 12. Nxc6 Bxe3 13. Ne5 Bd4 14.
Nd3 d6 15. Qd2 Be3 16. Qe1 O-O 17. Nd1 Bh6 18. N1f2 Rac8 19. c3 d5 20. e5 Nd7 21.
f4 f5 22. exf6 gxf6 23. Bg4 Rce8 24. Qe2 Kh8 25. Rae1 e5 26. Bxd7 Re7 27. Bg4 e4 28. Nb4 f5 29. Bh3 Bxf4 30. Nc2 Be5 31. Qh5 Bc8 32.
Nd1 Qf6 33. Nde3 Be6 34. Ng4 Qg7 35. Nxe5 Qxe5 36. Nd4 Bd7 37. Bxf5 Ref7 38. g4 e3 39. Qh3 Bxf5 40. gxf5 Re8 41. Rf3 Qe4 42. Qg2 Rg8 43. Rg3 Qxg2+ 44. Rxg2 Re8 45. Rge2 Rfe7 46. Ne6 Rf7 47. Rf1 Rxe6 48. fxe6 Rxf1+ 49. Kg2 Rf8 50. Rxe3 Kg7 51. Re5 Re8 52. Rxd5 Rxe6 53. Rd7+ Kg6 54.
Rd2 Kf5 55. Kf3 h5 56. Rd5+ Kg6 57. Kf4 Rf6+ 58. Kg3 Re6 59. Rd2 Re3+ 60. Kf4 Rh3 61. Rd6+ Kf7 62. Rxa6 Rxh2 63. Kg3 Rxb2 64. Rb6 Rb3 65.
Kh4 Rxc3 66. Rxb5 Rxa3 67. Kxh5 Ke6 68. Rb6+ Kd7 69. Rg6 Kc7 70. Kh6 Rb3 71. Rg7+ Kc6 72. Rg6+ Kc5 73. Rg5+ Kb4 74. Rg4+ Ka3 75. Kg5 Rb4 76.
Rxb4 Kxb4 1/2-1/2

[Event "*** SCC Grand Prix: Titled Tuesday Blitz"]
[Site "Chess.com"]
[Date "2020.09.29"]
[Round "9"]
[White "RasSanti"]
[Black "denispopov"]
[Result "0-1"]
[WhiteElo "2300"]
[BlackElo "1999"]
[TimeControl "180+1"]
[EndTime "11:45:59 PDT"]
[Termination "denispopov won on time"]

1. d4 Nf6 2. Bg5 Ne4 3. Bf4 c5 4. f3 Qa5+ 5. c3 Nf6 6. Nd2 cxd4 7. Nb3 Qd8 8. cxd4 d5 9. e3 Nc6 10. Rc1 e6 11. Ne2 Bb4+ 12. Nc3 h6 13. Bd3 O-O 14. O-O a6 15. a3 Bd6 16. Bxd6 Qxd6 17. f4 b6 18. Nd2 Bb7 19. Nf3 Nd7 20. Ne5 f5 21. g4 Ndxe5 22. fxe5 Qd7 23. gxf5 exf5 24.
Nxd5 Na5 25. Nxb6 Qf7 26. Nxa8 Qg6+ 27. Kf2 Qg2+ 28. Ke1 Bxa8 29. b4 Nc6 30. Qe2 Qh3 31. Bxa6 Ne7 32. Bc4+ Kh8 33. d5 Nxd5 34. Bxd5 Bxd5 35. Rd1 Be4 36. e6 Qh4+ 37. Kd2 Qe7 38. Ke1 Qxe6 39. Rf4 Qf6 40. Kf1 Qe5 41. Qf2 g5 42.
Rxe4 Qxe4 43. Rd4 Qh1+ 44. Ke2 Qa1 45. Qe1 Qxa3 46. Qd2 Qa6+ 47. Qd3 Qxd3+ 48. Kxd3 f4 49. Kd2 f3 50. Ke1 h5 51. Kf2 g4 52. h3 gxh3 53. Rh4 Kg7 54. Rxh3 Rb8 55. Rxf3 Rxb4 56. Kg3 h4+ 57.
Kh3 Kg6 58. Rf4 Rb3 59. Kxh4 Rxe3 60. Kg4 Re1 61. Rf3 Rg1+ 62. Kf4 Ra1 63. Rg3+ Kf6 64. Rf3 Ra4+ 65. Kg3+ Kg6 66. Rf4 Ra3+ 67. Kg4 Ra8 68. Re4 Rf8 69. Rf4 Rh8 70. Re4 Rg8 71. Kf4 Kf6 72. Ke3 Rg3+ 73. Kd4 Rg7 74. Re3 Rd7+ 75.
Ke4 Rc7 76. Kf3 Rc8 77. Re4 Rf8 78. Re3 Kg7+ 79. Ke2 Rf7 80. Kd3 Rf6 81. Re4 Ra6 82. Ke3 Ra8 83. Kf4 Ra3 0-1

[Event "*** SCC Grand Prix: Titled Tuesday Blitz"]
[Site "Chess.com"]
[Date "2020.09.29"]
[Round "9"]
[White "CheckThis4"]
[Black "tteshan"]
[Result "1/2-1/2"]
[WhiteElo "2618"]
[BlackElo "2400"]
[TimeControl "180+1"]
[EndTime "11:46:02 PDT"]
[Termination "Game drawn by agreement"]

1. e4 c5 2. Nf3 e6 3. d4 cxd4 4. Nxd4 Nf6 5. Nc3 d6 6. Be2 a6 7.
Be3 Be7 8. O-O O-O 9. f4 Qc7 10. Qe1 b5 11. a3 Bb7 12. Bd3 Nbd7 13. Nb3 Rac8 14. Qg3 Rfe8 15. Rae1 Nc5 16. e5 Nfd7 17. Nxc5 Nxc5 18. f5 Nxd3 19. f6 Bf8 20. cxd3 dxe5 21. Bh6 e4 22. Rf4 Qc5+ 23. Kh1 g6 24. Bxf8 Qxf8 25. dxe4 Red8 26. Rh4 Rd2 27. Qh3 h5 28.
Qg3 Rc5 29. Qe3 Rxb2 30. h3 Rb3 31. Rc1 Rxa3 32. Qd4 Rb3 33. Rf4 Rg5 34. Rff1 Rb2 35. Rg1 Rg3 36. Qe5 Re3 37. Nd1 Ree2 38. Nxb2 Rxe4 39.
Qc7 Bd5 40. Nd3 Re2 41. Nf4 Re3 42. Nxd5 exd5 43. Qc8 Re8 44. Qd7 Rd8 45. Qe7 d4 46.
Qxf8+ Kxf8 47. Rc6 d3 48. Rxa6 d2 49. Rd1 Kg8 50.
Ra2 Rd5 51. Raxd2 Rf5 52. Rb2 Rxf6 53. Rxb5 Rf2 54. Rbb1 Re2 55. Rf1 Kg7 56. Rbe1 Rd2 57. Kg1 Rd7 58. Rf2 f5 59. Rfe2 Kf6 60. Re6+ Kg5 61.
R6e2 Kf6 62. Kf2 f4 63. g3 fxg3+ 64. Kxg3 Rd3+ 65. Kg2 Rd4 66. Rf2+ Kg7 67. Re3 Kh6 68. Ref3 Kg7 69. Kg3 Rc4 70. h4 Ra4 71. Rf7+ Kh6 72. R2f3 Rg4+ 73. Kh3 Rg1 74. Rb7 Rh1+ 75. Kg3 Rg1+ 76.
Kh2 Rg4 77. Rf4 Rxf4 78. Kg3 Rg4+ 79. Kh3 Rd4 80. Kg3 Rd3+ 81. Kg2 Rd6 82. Kg3 g5 83.
hxg5+ Kxg5 84. Rb5+ Kg6 85. Kh4 Rd4+ 86. Kg3 Re4 1/2-1/2

[Event "*** SCC Grand Prix: Titled Tuesday Blitz"]
[Site "Chess.com"]
[Date "2020.09.29"]
[Round "9"]
[White "sokidze"]
[Black "SanchezKelvin"]
[Result "1/2-1/2"]
[WhiteElo "2604"]
[BlackElo "2404"]
[TimeControl "180+1"]
[EndTime "11:46:15 PDT"]
[Termination "Game drawn - insufficient material"]

1. d4 d5 2. Nf3 Nf6 3. g3 c6 4.
Bg2 e6 5. O-O Nbd7 6. c4 dxc4 7.
Nfd2 Nb6 8. e3 c5 9. Nxc4 cxd4 10. Nxb6 Qxb6 11. exd4 Bd7 12. Nc3 Bc6 13. Bg5 Bxg2 14. Kxg2 Qc6+ 15. d5 Nxd5 16. Nxd5 Qxd5+ 17. Qxd5 exd5 18.
Rfe1+ Kd7 19. Rad1 Kc6 20. Rc1+ Kb6 21. Red1 Bb4 22.
Rxd5 Rhc8 23. Be3+ Ka6 24. Rcd1 Rc7 25. a3 Bf8 26. b4 b6 27. b5+ Kb7 28. a4 Rac8 29.
h4 Bc5 30. Bf4 Re7 31. Rd7+ Ka8 32. Rxe7 Bxe7 33. Rd7 Re8 34. Be3 h6 35. a5 bxa5 36. Rxa7+ Kb8 37. b6 Bf6 38. Rxa5 Re7 39. Ra2 Kb7 40.
Rc2 Rd7 41. Kf3 Bd8 42. Ke4 Rd6 43. Rb2 Bf6 44. Rb3 Re6+ 45. Kf3 Rd6 46. h5 Rd5 47.
Ke4 Rxh5 48. Rd3 Re5+ 49. Kf3 Re7 50. Kg4 Kc6 51. Kf5 Rd7 52. Rb3 Kb7 53. Ke4 Re7+ 54.
Kf3 Re6 55. Rd3 Re7 56. Rd1 Kc6 57. g4 Rd7 58. Rc1+ Kb7 59. Ra1 Bd8 60. Ra7+ Kc6 61. Rxd7 Kxd7 62. b7 Kc7 63. Ke4 Kxb7 64. f3 Kc8 65.
Bf4 Kd7 66. Be3 Ke6 67. f4 g6 68.
f5+ gxf5+ 69. gxf5+ Kf6 70. Bxh6 Bc7 71. Be3 Bd6 72.
Bd2 Ke7 73. Kd5 Bg3 74. Bg5+ Kd7 75. Bf6 Bh2 76. Ke4 Bg3 77. Kf3 Bd6 78. Kg4 Ke8 79.
Kh5 Bb4 80. Kh6 Bc5 81. Kg7 Bb4 82. Kg8 Bc5 83. Bg7 Bb4 84. Bd4 Bd6 85. f6 Ba3 86.
Kg7 Bd6 87. Bc3 Bg3 88. Kh6 Bh4 89. Kh5 Bxf6 90. Bxf6 Kd7 91. Kg5 Ke6 92. Bc3 f6+ 93. Bxf6 1/2-1/2

[Event "*** SCC Grand Prix: Titled Tuesday Blitz"]
[Site "Chess.com"]
[Date "2020.09.29"]
[Round "9"]
[White "Oleksandr_Bortnyk"]
[Black "K_A_S_T_O_R"]
[Result "0-1"]
[WhiteElo "2893"]
[BlackElo "2732"]
[TimeControl "180+1"]
[EndTime "11:46:22 PDT"]
[Termination "K_A_S_T_O_R won by checkmate"]

1. e4 c5 2. c3 Nf6 3. e5 Nd5 4. d4 cxd4 5. Nf3 d6 6. cxd4 Nc6 7. Bc4 dxe5 8. Nxe5 e6 9. Nf3 Bb4+ 10. Bd2 Bxd2+ 11. Nbxd2 O-O 12. Ne4 b6 13. O-O Bb7 14. Qd2 Nf6 15. Bd3 Na5 16. Rfe1 Bxe4 17. Bxe4 Nc4 18. Qf4 Nxe4 19.
Rxe4 Nd6 20. Re5 Qf6 21. Qg4 Nc4 22. Re2 Rfd8 23. h4 h6 24. Rd1 Rac8 25. b3 Nd6 26. d5 Nb5 27. Red2 Nc3 28. Re1 Nxd5 29. Ne5 Rc3 30.
Nf3 Rdc8 31. Rd4 h5 32. Qg3 Rxf3 33. Qxf3 Qxd4 34. Qxh5 Qf6 35. Qg4 Rc2 36. Qg3 Nf4 37.
Qe3 Qf5 38. Qf3 Ne2+ 39. Kf1 Qxf3 40. gxf3 Nf4 41. Rd1 Kh7 42. a4 Kg6 43. b4 Rb2 44. b5 e5 45. Ke1 Re2+ 46. Kf1 Ra2 47. Kg1 Rxa4 48. Rd7 Ra5 49. Kh2 Rxb5 50. Kg3 Kf6 51.
Rxa7 Rb1 52. Rb7 Rg1+ 53. Kh2 Rg2+ 54. Kh1 Rxf2 55. Kg1 Rb2 56. h5 Nxh5 57. Kf1 Nf4 58. Ke1 Ne6 59. Kf1 Nd4 60. Rd7 Ke6 61. Rc7 g6 62.
Rb7 f6 63. Rg7 Kf5 64. Rf7 Kg5 65. Rg7 Kf4 66. Rxg6 f5 67. Rh6 Rb1+ 68. Kf2 Nxf3 69. Rc6 Rb2+ 70. Kf1 Nd4 71. Rc3 e4 72. Rh3 e3 73.
Rh4+ Kf3 74. Rh3+ Ke4 75. Rh8 Rf2+ 76. Kg1 Nf3+ 77. Kh1 Rh2+ 78. Rxh2 Nxh2 79. Kg2 e2 80. Kf2 Kd3 81. Kg2 e1=Q 82. Kh3 Qg1 83. Kh4 Qg4# 0-1

[Event "*** SCC Grand Prix: Titled Tuesday Blitz"]
[Site "Chess.com"]
[Date "2020.09.29"]
[Round "9"]
[White "Salem-AR"]
[Black "Anton_Demchenko"]
[Result "0-1"]
[WhiteElo "2914"]
[BlackElo "2849"]
[TimeControl "180+1"]
[EndTime "11:47:07 PDT"]
[Termination "Anton_Demchenko won on time"]

1. e4 e5 2. Nf3 Nc6 3. Bc4 Nf6 4. d3 Be7 5. O-O O-O 6. a4 d6 7. a5 a6 8. Re1 Kh8 9. Nc3 Bg4 10. h3 Bh5 11. Be3 Qc8 12. Nd5 Nxd5 13. Bxd5 Nb4 14. Bb3 f5 15. exf5 Qxf5 16. Bd2 Nc6 17. Ra4 Bxf3 18. Qxf3 Qxf3 19. gxf3 Rxf3 20. Kg2 Raf8 21. Be3 R3f6 22. c3 Rg6+ 23. Kf1 Bg5 24. Bd5 Bxe3 25.
Rxe3 Rgf6 26. Re2 Nd8 27. Rb4 c6 28. Bg2 R6f7 29. d4 exd4 30. cxd4 d5 31. Rb3 g6 32.
Rd3 Kg7 33. Rdd2 Rf6 34. Re7+ R8f7 35. Rxf7+ Kxf7 36. Rd3 Ke7 37. Bf3 Kd6 38. Bg4 h5 39.
Bd1 Ne6 40. Bc2 g5 41. Bd1 Rf4 42. Bxh5 Rxd4 43. Rb3 Nc5 44. Rf3 Rb4 45. Rf5 Ne4 46.
Bf3 Rxb2 47. Bxe4 dxe4 48. Rxg5 Rb5 49. Rg6+ Ke5 50. h4 Kf4 51. Rg7 Kf3 52. Rf7+ Kg4 53.
Re7 Kxh4 54. Rxe4+ Kg5 55. Re7 Kf6 56. Rc7 Ke6 57. Ke2 Kd6 58. Rh7 c5 59. f4 Kc6 60.
Rh6+ Kd5 61. Rh7 c4 62. Kd2 Kd4 63. Rd7+ Ke4 64. Kc3 Kxf4 65. Kxc4 Ke5 66. Kc3 Ke6 67. Rh7 Kd6 68. Kc4 Kc6 69. Rh6+ Kc7 70. Rh7+ Kb8 71.
Rh8+ Ka7 72. Rh6 Rxa5 73. Rg6 Rb5 74. Rh6 Rb1 75. Rg6 a5 76. Rh6 b6 77. Rh8 Rb4+ 78. Kc3 Ka6 79. Ra8+ Kb5 80. Rh8 Rc4+ 81. Kb3 a4+ 82. Ka2 Rc2+ 83. Ka3 Rc3+ 84. Ka2 Rd3 85. Rh4 Ka5 86. Rh8 b5 87. Rh4 Rd5 88. Rg4 Kb6 89.
Rg6+ Kc5 90. Rg4 Rd4 91. Rg5+ Kb4 92. Rg3 Kc4 93. Rg8 Rd2+ 94. Kb1 Kb4 95. Rg3 a3 96. Ka1 Ka4 97. Rf3 b4 98. Re3 Kb5 99. Rh3 Kc4 100. Rh4+ Kc3 101. Rh3+ Kc2 102. Ka2 Rd3 103. Rh2+ Kc3 104. Rh4 Rd2+ 105. Ka1 b3 106. Rh3+ Kc2 0-1

[Event "*** SCC Grand Prix: Titled Tuesday Blitz"]
[Site "Chess.com"]
[Date "2020.09.29"]
[Round "9"]
[White "KacperPolOK"]
[Black "jacky72"]
[Result "1-0"]
[WhiteElo "2399"]
[BlackElo "2570"]
[TimeControl "180+1"]
[EndTime "11:47:45 PDT"]
[Termination "KacperPolOK won by checkmate"]

1. e4 e5 2. Nf3 Nc6 3. Bb5 a6 4. Ba4 Nf6 5. Qe2 b5 6. Bb3 Be7 7. c3 d6 8. O-O Bg4 9. h3 Bh5 10. Rd1 O-O 11. d3 Na5 12. Bc2 c5 13. Nbd2 Nd7 14.
g4 Bg6 15. Nf1 Nc6 16. Ng3 Re8 17. Kh2 Bf8 18. h4 h6 19. h5 Bh7 20. g5 Kh8 21. Rg1 Nb6 22. Nf5 Bxf5 23. exf5 d5 24. f6 e4 25. Nh4 Qd6+ 26. Kh1 Re5 27. d4 cxd4 28. f4 Ree8 29. Nf5 Qe6 30. Nxd4 Nxd4 31. cxd4 Rac8 32. Bb3 Nc4 33. Qg2 Qf5 34. Bxc4 Rxc4 35. Be3 gxf6 36. gxf6 Qxh5+ 37. Qh2 Qxh2+ 38. Kxh2 Rc2+ 39. Rg2 Rec8 40. Rg1 Bd6 41. Kh3 Rxg2 42. Rxg2 Bf8 43. Kg4 Rc6 44. Kf5 Kh7 45. Ke5 Rd6 46. f5 Rc6 47. Kxd5 Rxf6 48. Kxe4 Rc6 49. Bf4 Bg7 50. b3 Rc8 51. Be5 f6 52. Bd6 h5 53. Rh2 Kg8 54. Rxh5 Kf7 55.
Rh2 Rd8 56. Bc5 Re8+ 57. Kd3 Re1 58. d5 Rf1 59. Ke4 Re1+ 60. Kf4 Rd1 61. d6 Bf8 62. b4 Bxd6+ 63. Bxd6 Rxd6 64. Rh7+ Ke8 65. Ke4 Kd8 66. Ra7 Kc8 67. a3 Kd8 68. Rb7 Kc8 69.
Ra7 Kb8 70. Rf7 Kc8 71. Rg7 Kd8 72. Ra7 Rc6 73. Rb7 Kc8 74. Rf7 Kd8 75. Kd5 Rc3 76.
Rxf6 Rxa3 77. Kc6 Ke7 78. Rh6 Rb3 79. Kc5 Rc3+ 80. Kb6 Rc4 81. Ka5 Rf4 82. Kxa6 Rxb4 83. Rb6 Rb1 84. Rxb5 Ra1+ 85. Kb6 Kf6 86. Kc6 Rc1+ 87.
Kb6 Rc8 88. Ka5 Rc4 89. Kb6 Rc3 90. Rc5 Rd3 91. Kc6 Re3 92. Rd5 Rf3 93. Kd6 Re3 94. Kc6 Re8 95. Kc5 Rh8 96. Kd4 Rh1 97. Ke3 Re1+ 98.
Kf4 Re8 99. Ra5 Rb8 100. Ra6+ Kf7 101. Kg5 Rb1 102. Ra7+ Kf8 103. Kg6 Rg1+ 104. Kf6 Kg8 105. Ra8+ Kh7 106. Kf7 Rb1 107. Rd8 Rb7+ 108. Ke6 Rb6+ 109. Rd6 Rb1 110. f6 Re1+ 111. Kf7 Ra1 112. Rd7 Re1 113. Rb7 Re2 114. Rb4 Kh6 115. Kf8 Ra2 116. Rb8 Kh7 117. f7 Re2 118. Rd8 Re1 119. Rd7 Ra1 120. Ke8 Ra8+ 121. Rd8 Rxd8+ 122. Kxd8 Kg7 123. Ke8 Kg6 124. f8=Q Kh7 125. Qf3 Kg8 126. Qg3+ Kh8 127. Kf7 Kh7 128. Qg7# 1-0